 Dungeon Crawl Stone Soup version 0.26-a0-651-gb41185065b (webtiles) character file.

Game seed: 394615515212738283

18 profreshinal the Grave Robber (level 2, -3/20 HPs)
             Began as a Ghoul Necromancer on Oct 31, 2020.
             Was an Initiate of Qazlal.
             Slain by a gnoll
             ... wielding a +0 whip
              (11 damage)
             ... on level 2 of the Dungeon.
             The game lasted 00:04:00 (1001 turns).

profreshinal the Grave Robber (Ghoul Necromancer)   Turns: 1001, Time: 00:04:00

Health: -3/20      AC:  2    Str: 11    XL:     2   Next: 70%
Magic:  1/3        EV: 12    Int: 10    God:    Qazlal [......]
Gold:   56         SH:  0    Dex:  9    Spells: 3/4 levels left

rFire    . . .     SeeInvis .     - Unarmed
rCold    + . .     Faith    .   (no shield)
rNeg     + + +     Spirit   .   a - +0 robe
rPois    ∞         Reflect  .   (no helmet)
rElec    .         Harm     .   (no cloak)
rCorr    +         Rampage  .   (no gloves)
MR       .....                  (no boots)
Stlth    ++........             (no amulet)
HPRegen  0.00/turn              d - ring of resist corrosion
MPRegen  0.08/turn              (no ring)

@: no status effects
A: rotting body, claws 1, cold resistance 1, negative energy resistance 3,
inhibited regeneration, torment resistance, unbreathing
a: Renounce Religion


You were on level 2 of the Dungeon.
You worshipped Qazlal.
Qazlal was noncommittal.
You visited 1 branch of the dungeon, and saw 2 of its levels.

You collected 56 gold pieces.

Inventory:

Missiles
 g - 2 throwing nets (quivered)
Armour
 a - a +0 robe (worn)
Jewellery
 d - a ring of resist corrosion (left claw)
Scrolls
 b - 2 scrolls of identify {unknown}
 f - a scroll of blinking {unknown}
Potions
 c - 2 potions of flight {unknown}
 e - a potion of heal wounds {unknown}
 h - a potion of resistance {unknown}
 i - a potion of might {unknown}


   Skills:
 - Level 1.7 Dodging
 - Level 2.3 Stealth
 + Level 1.1 Unarmed Combat
 - Level 1.7 Spellcasting
 * Level 4.5 Necromancy


You had 3 spell levels left.
You knew the following spells:

 Your Spells              Type           Power        Failure   Level
a - Pain                  Necr           #...         4%          1

Your spell library contained the following spells:

 Spells                   Type           Power        Failure   Level
 Animate Skeleton         Necr           #.....       4%          1
 Vampiric Draining        Necr           #.........   16%         3
 Animate Dead             Necr           #.........   45%         4
 Agony                    Necr           #.......     80%         5


Dungeon Overview and Level Annotations

Branches:
Dungeon (1/15)

Altars:
Qazlal
Uskayaw


Innate Abilities, Weirdness & Mutations

Your body is rotting away.
You thrive by killing the living.
You are immune to poison.
You have sharp fingernails.
Your flesh is cold resistant. (rC+)
You are immune to negative energy. (rN+++)
You do not regenerate when monsters are visible.
You are immune to unholy pain and torment.
You can survive without breathing.


Message History

The giant cockroach writhes in agony.
You kill the giant cockroach!
Qazlal accepts your kill.
You barely miss the gnoll. The gnoll closely misses you.
You closely miss the gnoll. The gnoll hits you with a +0 whip!
Ouch! That really hurt!
You hear a shout!
You hear a shout! x2
A hobgoblin comes into view. It is wielding a +0 club.
Press: ? - help, v - describe, . - travel
Here: a gnoll, wielding a +0 whip The floor.
Casting: Pain (safe; 4% risk of failure)
Confirm with . or Enter, or press ? or * to list all spells.
Aiming: Pain (safe; 4% risk of failure)
Press: ? - help, Shift-Dir - straight line, f - gnoll
Aim: a gnoll, wielding a +0 whip (chance to defeat MR: 68%)
The gnoll struggles to resist.
The gnoll hits you with a +0 whip!
Ouch! That really hurt!
You die...

#.##.# #.....#
###########.#..# #.....#
#...........#.#########.....#
#.........###.........#.....#
#.........###########.#.....#
#...........# #............#
#.........### #.##.......###
#.........######..........###
#########..gsg@...........(.##
#######.#######)####.####).#
#.....#.# #.##.g...##..#
###.....#.# #g#.....).#..#
#...g...#g# #.#.......#g##
#.#.....#.# #....._.....#
#.#.......# #.#.......#.#
#s######### #.#.......#.#
#g### ..##.....##.#


You could see a gnoll, a giant cockroach and a hobgoblin.

Vanquished Creatures
  A gnoll (D:2)
  A giant cockroach (D:2)
  A hobgoblin (D:1)
  A frilled lizard (D:1)
  3 kobolds
  4 rats (D:1)
11 creatures vanquished.

Notes
Turn   | Place    | Note
-------+----------+-------------------------------------------
     0 | D:1      | profreshinal the Ghoul Necromancer began the quest for the
                  | Orb.
     0 | D:1      | Reached XP level 1. HP: 14/14 MP: 2/2
   494 | D:1      | You fall into a shaft and drop 1 floor!
   506 | D:2      | Reached XP level 2. HP: 20/20 MP: 1/3
   537 | D:2      | Found a stormy altar of Qazlal.
   543 | D:2      | Became a worshipper of Qazlal Stormbringer
   587 | D:2      | Reached skill level 1 in Unarmed Combat
   887 | D:2      | Found a hide-covered altar of Uskayaw.
  1001 | D:2      | Slain by a gnoll

Illustrated notes

Levels and vault maps discovered:
D:1:      kennysheep_arrival_seaside, layout_basic
D:2:      layout_basic, old_standard_altar, old_standard_altar,
          lemuel_round_altar

Skill      XL: |  1  2 |
---------------+-------+-----
Unarmed Combat | 1 |  1.1
Dodging        | |  1.7
Stealth        | |  2.3
Spellcasting   | |  1.7
Necromancy     | |  4.5

Action                   || total
-------------------------++-------
Melee: Unarmed           ||    18
 Cast: Pain              ||    17
 Stab: Sleeping          ||     2
Armor: Robe              ||     4
Dodge: Dodged            ||    10

Table legend: (Time is in decaauts)
 A = Elapsed time spent in this place.
 B = Non-inter-level travel time spent in this place.
 C = Inter-level travel time spent in this place.
 D = Time resting spent in this place.
 E = Time spent auto-exploring this place.
 F = Levels seen in this place.
 G = Mean time per level.
                   A        B        C        D        E       F      G
               +--------+--------+--------+--------+--------+-----+--------+
         Total |   1000 |   1000 |      0 |    452 |    394 |   2 |  500.0 |
       Dungeon |   1000 |   1000 |      0 |    452 |    394 |   2 |  500.0 |
               +--------+--------+--------+--------+--------+-----+--------+

Top non-repeatable levels by time:
     D:2: 506 daAuts
     D:1: 493 daAuts
